 Dungeon Crawl Stone Soup version 0.30-a0-613-gdd512c7efb (webtiles) character file.

Game seed: 7565845641067221358

52 pokeman the Magician (level 3, 0/20 HPs)
             Began as a Deep Elf Hedge Wizard on Jan 8, 2023.
             Slain by Terence
             ... wielding a +3 mace of venom
              (4 damage)
             ... on level 2 of the Dungeon.
             The game lasted 00:01:37 (1643 turns).

pokeman the Magician (Deep Elf Hedge Wizard)        Turns: 1643, Time: 00:01:37

Health: 0/20       AC:  2    Str:  7    XL:     3   Next: 60%
Magic:  0/11       EV: 12    Int: 20    God:
Gold:   78         SH:  0    Dex: 14    Spells: 4/12 levels left

rFire   . . .      SeeInvis .    m - +0 war axe
rCold   . . .      Faith    .    (no shield)
rNeg    . . .      Spirit   .    b - +0 robe
rPois   .          Reflect  .    c - +0 hat
rElec   .          Harm     .    (no cloak)
rCorr   .          Rampage  .    (no gloves)
Will    .....                    (no boots)
Stlth   ++                       (no amulet)
HPRegen 0.23/turn                (no ring)
MPRegen 0.12/turn                (no ring)

@: lethally poisoned (0 -> -10), very slightly contaminated
A: no striking features
a: no special abilities


You were on level 2 of the Dungeon.
You visited 1 branch of the dungeon, and saw 2 of its levels.

You collected 78 gold pieces.

Inventory:

Hand Weapons
 m - a +0 war axe (weapon)
Armour
 b - a +0 robe (worn)
 c - a +0 hat (worn)
Scrolls
 a - a scroll of vulnerability {unknown}
 g - a scroll of silence {unknown}
 h - a scroll of immolation {unknown}
 j - a scroll of fear {unknown}
Potions
 d - 2 potions of magic
 e - 2 potions of attraction {unknown}
 f - a potion of degeneration {unknown}
 i - a potion of might {unknown}
 k - 2 potions of invisibility {unknown}
 l - a potion of haste {unknown}


   Skills:
 + Level 1.0 Fighting
 + Level 1.0 Armour
 - Level 2.4 Dodging
 - Level 2.4 Stealth
 * Level 5.3 Spellcasting
 + Level 1.9 Conjurations
 - Level 1.1 Summonings
 - Level 1.1 Translocations


You had 4 spell levels left.
You knew the following spells:

 Your Spells              Type           Power      Damage    Failure   Level
a - Magic Dart            Conj           52%        1d5       4%          1
b - Mephitic Cloud        Conj/Pois/Air  7%         N/A       26%         3
c - Call Imp              Summ           9%         N/A       11%         2
d - Blink                 Tloc           18%        N/A       11%         2

Your spell library contained the following spells:

 Spells                   Type           Power      Damage    Failure   Level
 Slow                     Hex            20%        N/A       11%         1
 Cigotuvi's Dreadful Rot  Necr/Pois/Air  10%        N/A       17%         2


Dungeon Overview and Level Annotations

Branches:
Dungeon (2/15)

Altars:
Qazlal

Annotations:
D:2 Terence


Message History

The jackal is lightly wounded.
You hit the jackal.
You kill the jackal!
The jackal bites you but does no damage.
Your crimson imp closely misses the jackal.
The jackal closely misses you. The jackal bites you.
Your crimson imp barely misses the jackal.
The jackal completely misses you. The jackal bites you.
Your crimson imp hits the jackal.
You slash the jackal!
You kill the jackal!
You hit the jackal.
You kill the jackal!
The adder barely misses you.
Your crimson imp hits Terence but does no damage.
Terence hits you with a +3 mace of venom.
You are lethally poisoned!
Your Armour skill increases to level 1!
Unknown command.
Casting: Call Imp (safe; 11% risk of failure)
Confirm with . or Enter, or press ? or * to list all spells.
The spell is extremely dangerous to miscast (26% risk of failure)!
Continue anyway?
Aiming: Mephitic Cloud (extremely dangerous; 26% risk of failure)
Press: ? - help, Shift-Dir - straight line, f - adder
Aim: an adder (chance to affect: 91%) That beam is likely to hit you.
Continue anyway?
The ball explodes into a vile cloud!
The stinking cloud engulfs the adder but does no damage.
The stinking cloud engulfs Terence but does no damage.
The stinking cloud engulfs the rat but does no damage.
The stinking cloud engulfs you but does no damage.
* * * LOW HITPOINT WARNING * * *
You feel very sick.
The adder is engulfed in noxious fumes.
The adder appears confused.
The adder closely misses you.
Your crimson imp hits Terence but does no damage.
The rat is engulfed in noxious fumes.
The rat appears confused.
The rat barely misses the adder.
Terence hits you with a +3 mace of venom.
You die...

...# #.##.# ## #... #†#
... #..#########.#
##.S###....[.......#####
........................
...r...............#####
#r†5....####.#
#S@...#...†..##
#@☼...###.#...#
#....##)..###.# #######
#.#........#..## #.....#
#..#.#.._..#...# #.....#
#....#.......#.#
##.....#
##+#.###...##.#.###
#......#
#......#[###......†
#....###
#....#.....#.##.###
#....#
#....#####...#..###


You could see Terence (ally target), an adder (confused), a rat (confused) and a
friendly crimson imp (summoned).

Vanquished Creatures
  2 adders (D:2)
  4 ball pythons
  2 endoplasms
  A giant cockroach (D:2)
  4 goblins
  3 hobgoblins
  4 jackals (D:2)
  3 kobolds (D:1)
  3 bats
  A frilled lizard (D:2)
  5 rats
32 creatures vanquished.

Notes
Turn   | Place    | Note
-------+----------+-------------------------------------------
     0 | D:1      | pokeman the Deep Elf Hedge Wizard began the quest for the
                  | Orb.
     0 | D:1      | Reached XP level 1. HP: 10/10 MP: 7/7
   369 | D:1      | Reached XP level 2. HP: 16/16 MP: 5/9
  1226 | D:2      | Reached skill level 5 in Spellcasting
  1226 | D:2      | Reached XP level 3. HP: 16/20 MP: 1/11
  1230 | D:2      | Learned a level 3 spell: Mephitic Cloud
  1233 | D:2      | Learned a level 2 spell: Call Imp
  1236 | D:2      | Learned a level 2 spell: Blink
  1321 | D:2      | Found a stormy altar of Qazlal.
  1632 | D:2      | Noticed Terence
  1633 | D:2      | Reached skill level 1 in Fighting
  1643 | D:2      | Reached skill level 1 in Armour
  1643 | D:2      | Slain by Terence

Illustrated notes

Levels and vault maps discovered:
D:1:      minmay_arrival_open_corners, layout_loops_corners, nrook_mini_vaults
D:2:      layout_basic, minmay_hexomino_r4, uniq_robin, uniq_terence

Skill      XL: |  1  2  3 |
---------------+----------+-----
Spellcasting   | 5 |  5.3
Fighting       | 1 |  1.0
Armour         | 1 |  1.0
Dodging        | |  2.4
Stealth        | |  2.4
Conjurations   | |  1.9
Summonings     | |  1.1
Translocations | |  1.1

Action                   || total
-------------------------++-------
Melee: Dagger            ||     3
       War axe           ||     3
 Cast: Magic Dart        ||    76
       Mephitic Cloud    ||     1
       Call Imp          ||     1
Armor: Robe              ||     5
Dodge: Dodged            ||    26

Table legend: (Time is in decaauts)
 A = Elapsed time spent in this place.
 B = Non-inter-level travel time spent in this place.
 C = Inter-level travel time spent in this place.
 D = Time resting spent in this place.
 E = Time spent auto-exploring this place.
 F = Levels seen in this place.
 G = Mean time per level.
                   A        B        C        D        E       F      G
               +--------+--------+--------+--------+--------+-----+--------+
         Total |   1643 |   1618 |     25 |      0 |   1453 |   2 |  821.5 |
       Dungeon |   1643 |   1618 |     25 |      0 |   1453 |   2 |  821.5 |
               +--------+--------+--------+--------+--------+-----+--------+

Top non-repeatable levels by time:
     D:1: 1147 daAuts
     D:2: 496 daAuts
